 Dungeon Crawl Stone Soup version 0.23.2 (webtiles) character file.

Game seed: 17941059680655377260

4381 Menchi the Carver (level 10, -3/90 HPs)
             Began as a Ghoul Fighter on Apr 6, 2019.
             Was a Believer of Makhleb.
             Slain by a ghost moth (12 damage)
             ... on level 7 of the Dungeon.
             The game lasted 00:19:52 (5507 turns).

Menchi the Carver (Ghoul Fighter)                   Turns: 5507, Time: 00:19:52

Health: -3/90      AC: 13    Str: 23      XL:     10   Next: 35%
Magic:  0/9        EV: 11    Int:  3 (4)  God:    Makhleb [**....]
Gold:   216        SH:  0    Dex:  8      Spells: 9/9 levels left

rFire    . . .     SeeInvis .   A - +3 scimitar (elec)
rCold    + . .     Gourm    .   (no shield)
rNeg     + + +     Faith    .   o - +3 scale mail
rPois    ∞         Spirit   .   h - +1 hat
rElec    .         Reflect  .   (no cloak)
rCorr    .         Harm     .   (no gloves)
MR       +....                  y - +2 pair of boots
Stlth    ..........             (no amulet)
HPRegen  0.00/turn              u - ring of flight
MPRegen  0.11/turn              t - ring of protection from magic

@: rotting
A: rotting body, claws 1, carnivore, cold resistance 1, negative energy
resistance 3, inhibited regeneration, torment resistance, unbreathing
a: Minor Destruction, Renounce Religion, Evoke Flight


You were on level 7 of the Dungeon.
You worshipped Makhleb.
Makhleb was pleased with you.
You were not hungry.

You visited 1 branch of the dungeon, and saw 7 of its levels.

You collected 426 gold pieces.
You spent 210 gold pieces at shops.

Inventory:

Hand Weapons
 A - a +3 scimitar of electrocution (weapon)
Armour
 h - a +1 hat (worn)
 o - a +3 scale mail (worn)
 y - a +2 pair of boots (worn)
Jewellery
 p - an uncursed ring of protection from cold
 t - a ring of protection from magic (right claw)
 u - a ring of flight (left claw)
Wands
 a - a wand of polymorph (1)
 d - a wand of iceblast (6)
 g - a wand of random effects (3)
 m - a wand of enslavement (6)
Scrolls
 j - 5 scrolls of identify
 k - a scroll of immolation
 l - 9 scrolls of remove curse
 q - 2 scrolls of magic mapping
 r - 5 scrolls of teleportation
 z - 2 scrolls of fear {unknown}
 B - a scroll of enchant armour {unknown}
Potions
 c - 2 potions of haste
 e - 3 potions of lignification {unknown}
 i - a potion of magic {unknown}
 n - 6 potions of curing {unknown}
 s - 4 potions of mutation {unknown}
 v - a potion of ambrosia {unknown}
 w - a potion of brilliance {unknown}
 x - 3 potions of flight {unknown}
Comestibles
 b - 5 chunks of flesh
 f - 13 rations


   Skills:
 * Level 8.8 Fighting
 * Level 10.8 Long Blades
 - Level 2.6 Armour
 * Level 4.4 Dodging
   Level 2.6 Shields


You had 9 spell levels left.
You didn't know any spells.
Your spell library contained the following spells:

 Spells                   Type           Power        Failure   Level  Hunger
 Confusing Touch          Hex            #.....       83%         1    ##.....
 Sticks to Snakes         Tmut           #.......     93%         2    ###....
 Confuse                  Hex            #.......     99%         3    ####...
 Gell's Gravitas          Tloc           #.........   99%         3    ####...
 Petrify                  Tmut/Erth      #.......     100%        4    #####..
 Metabolic Englaciation   Hex/Ice        #.........   100%        5    ######.
 Yara's Violent Unravell  Hex/Tmut       #.........   100%        5    ######.
 Beastly Appendage        Tmut           Unusable     N/A         1    N/A
 Spider Form              Tmut/Pois      Unusable     N/A         3    N/A
 Ice Form                 Ice/Tmut       Unusable     N/A         4    N/A
 Blade Hands              Tmut           Unusable     N/A         5    N/A

Dungeon Overview and Level Annotations

Branches:
Dungeon (7/15)             Temple (0/1) D:5

Altars:
Elyvilon
Gozag
Hepliaklqana
Kikubaaqudgha
Makhleb
Wu Jian
Zin
The Shining One

Shops:
D:5 (

Annotations:
D:7 3 runed translucent doors, Forgol's ghost, novice DDFi


Innate Abilities, Weirdness & Mutations

Your body is rotting away.
You thrive on raw meat.
You are immune to poison.
You have sharp fingernails.
You are carnivorous and can eat meat at any time.
Your flesh is cold resistant. (rC+)
You are immune to negative energy. (rN+++)
You do not regenerate when monsters are visible.
You are immune to unholy pain and torment.
You can survive without breathing.


Message History

You feel you are being watched by something.
You feel you are being watched by something.
There is a stone staircase leading down here.
Something hits you but does no damage. Something hits you.
* * * LOW HITPOINT WARNING * * *
You feel dopey.
Something stings you but does no damage.
You climb downwards.
Level annotation: 3 runed translucent doors, Forgol's ghost, novice DDFi Reactivating autopickup.
There is a stone staircase leading up here.
Eat one of 6 chunks of flesh? (ye/n/q)
You eat one of the 6 chunks of flesh.
This raw flesh tastes great!
You feel you are being watched by something.
You feel your power leaking away. Something hits you!
* * * LOW HITPOINT WARNING * * *
Deactivating autopickup; reactivate with Ctrl-A.
Something hits you!
You die...

#####....#......#...........#
# #....##...###....######.# #
#..<..#.###...#### #.# #
#.....###....## #.# ##
####.###.##...#### #.#
.####......##).......# #.#
.#.....#.#.##.#(..#..# #.#
.#.###.....##.##(##..######.#
.(.# #..........@##.........#
.#.###.....##.#####.#########
##.....#.#.##.#####.#
#####......##.......#
####.############ ####.####
#.......# ## #.....#.#
.####.##..#.#


There were no monsters in sight!

Vanquished Creatures
  Harold (D:7)
  An ugly thing (D:7)
  A komodo dragon (D:7)
  Grinder (D:3)
  A hungry ghost (D:7)
  Duvessa (D:6)
  2 ogres
  2 phantoms
  3 sky beasts
  A necrophage (D:6)
  3 centaurs
  Blork the orc (D:6)
  2 bullfrogs
  Dowan (D:6)
  A gnoll sergeant (D:6)
  A water moccasin skeleton (D:7)
  2 scorpions (D:6)
  2 howler monkeys (D:4)
  2 crimson imps
  A centaur zombie (D:6)
  A quasit (D:5)
  2 jellies
  A bullfrog zombie (D:7)
  2 centaur skeletons
  2 orc priests (D:4)
  4 hounds
  2 orc wizards
  Ijyb (D:5)
  An iguana (D:4)
  7 worker ants
  A hound skeleton (D:7)
  A worker ant zombie (D:5)
  12 gnolls
  10 adders
  3 shadow imps
  2 oozes
  2 adder zombies
  3 worms
  2 dart slugs
  7 leopard geckos
  14 orcs
  4 bats (D:1)
  6 giant cockroaches
  8 goblins
  6 hobgoblins
  2 jackals (D:2)
  4 quokkas
  A ball python (D:1)
  A ball python skeleton (D:5)
  A ball python zombie (D:5)
  5 frilled lizards
  9 kobolds
  A leopard gecko skeleton (D:4)
  18 rats
176 creatures vanquished.

Notes
Turn   | Place    | Note
-------+----------+-------------------------------------------
     0 | D:1      | Menchi the Ghoul Fighter began the quest for the Orb.
     0 | D:1      | Reached XP level 1. HP: 19/19 MP: 0/0
   102 | D:1      | Reached skill level 2 in Long Blades
   102 | D:1      | Reached XP level 2. HP: 11/26 MP: 1/1
   581 | D:1      | Reached XP level 3. HP: 17/33 MP: 2/2
  1036 | D:2      | Reached skill level 1 in Dodging
  1059 | D:2      | Reached XP level 4. HP: 40/40 MP: 3/3
  1162 | D:2      | Reached skill level 3 in Long Blades
  1407 | D:2      | Found an ancient bone altar of Kikubaaqudgha.
  1852 | D:3      | Reached XP level 5. HP: 47/47 MP: 4/4
  1864 | D:3      | Noticed Grinder
  1901 | D:3      | Killed Grinder
  1901 | D:3      | Reached skill level 4 in Long Blades
  1901 | D:3      | Reached XP level 6. HP: 23/53 MP: 5/5
  2318 | D:4      | Reached skill level 5 in Long Blades
  2382 | D:4      | Noticed a phantom
  2413 | D:4      | Killed a phantom
  2413 | D:4      | Reached skill level 5 in Fighting
  2413 | D:4      | Reached XP level 7. HP: 41/61 MP: 6/6
  2487 | D:4      | Reached skill level 6 in Long Blades
  2683 | D:4      | Found a burning altar of Makhleb.
  2683 | D:4      | Noticed a blizzard demon
  2688 | D:4      | Noticed a ynoxinul
  2688 | D:4      | Noticed a ynoxinul
  2690 | D:4      | Became a worshipper of Makhleb the Destroyer
  2881 | D:5      | Entered Level 5 of the Dungeon
  2949 | D:5      | Reached XP level 8. HP: 50/70 MP: 7/7
  3042 | D:5      | Reached skill level 7 in Long Blades
  3082 | D:5      | Found a staircase to the Ecumenical Temple.
  3143 | D:5      | Found an ornate altar of the Wu Jian Council.
  3149 | D:5      | Found Leckatheej's Antique Weapon Shop.
  3156 | D:5      | Bought a glowing scimitar for 210 gold pieces
  3422 | D:5      | Reached * piety under Makhleb
  3492 | D:5      | Noticed Ijyb
  3499 | D:5      | Killed Ijyb
  3520 | D:5      | Found a glowing silver altar of Zin.
  3520 | D:5      | Found a glowing golden altar of the Shining One.
  3521 | D:5      | Found a white marble altar of Elyvilon.
  3634 | D:6      | Found an opulent altar of Gozag.
  3648 | D:6      | Found a hazy altar of Hepliaklqana.
  3817 | D:6      | Noticed Blork the orc
  3823 | D:6      | Killed Blork the orc
  3856 | D:6      | Reached skill level 8 in Long Blades
  3868 | D:6      | Noticed Duvessa
  3880 | D:6      | Killed Duvessa
  3880 | D:6      | Reached XP level 9. HP: 40/78 MP: 8/8
  3899 | D:6      | Noticed a five-headed hydra
  3947 | D:7      | Noticed a komodo dragon
  3955 | D:7      | Killed a komodo dragon
  3955 | D:7      | Reached skill level 9 in Long Blades
  4020 | D:7      | Noticed a brown ugly thing
  4034 | D:7      | Killed a brown ugly thing
  4145 | D:7      | Noticed Harold
  4156 | D:7      | Killed Harold
  4156 | D:7      | Reached skill level 10 in Long Blades
  4156 | D:7      | Reached XP level 10. HP: 45/90 MP: 9/9
  4161 | D:7      | Reached ** piety under Makhleb
  4339 | D:7      | Found a runed translucent gate.
  4339 | D:7      | Found a runed translucent gate.
  4341 | D:7      | Found a runed translucent gate.
  4344 | D:7      | Noticed Forgol's ghost (novice DDFi)
  4835 | D:6      | Noticed Dowan
  4858 | D:6      | Killed Dowan
  5496 | D:6      | a seven-headed hydra changed into something unseen
  5507 | D:7      | Slain by a ghost moth

Skill      XL: |  1  2  3  4  5  6  7  8  9 |
---------------+----------------------------+-----
Long Blades    | 2 3 4 5 6 8 10 | 10.8
Fighting       | 4 5 6 8 |  8.8
Dodging        | 1 2 3 4 |  4.4
Armour         | |  2.6
Shields        | |  2.6

Action                   |  1- 3 |  4- 6 |  7- 9 | 10-12 || total
-------------------------+-------+-------+-------+-------++-------
Melee: Long sword        |   143 |   125 |   125 |       ||   393
       Scimitar          |       |       |   117 |    67 ||   184
Evoke: Wand              |       |       |     6 |    18 ||    24
  Use: Scroll            |     4 |     1 |     5 |     2 ||    12
       Potion            |       |       |     1 |       ||     1
  Eat: Chunk             |    17 |    10 |    31 |     9 ||    67
Armor: Scale mail        |    82 |    58 |   122 |    38 ||   300
Dodge: Dodged            |    97 |    44 |   158 |    54 ||   353
       Rpst.: Long sword |    33 |    17 |    23 |       ||    73
       Scimitar          |       |       |    22 |     7 ||    29
